Map: 워터폴

Players

ByuN - Winner!

  • Race: Terran Terran
  • Spawn Location: 1:00

Kelazhur

  • Race: Terran Terran
  • Spawn Location: 7:00

Event: DreamHack SC2 Masters 2022 Atlanta (Offline)

VOD

Have the link to the VOD?

Description

Time

  • Played on: Nov. 18, 2022, 7:31 p.m.
  • Length: 10:41

All games in this series

Show
View Real Time Build Order
Export as new Build Order

ByuN Terran - Winner!

Build Orders:  

Get SALT Encoding   

  12  0:00  SCV  
  13  0:12  SCV  
  14  0:17  Supply Depot  
  14  0:24  SCV  
  15  0:38  SCV  
  15  0:40  Barracks  
  16  0:43  Refinery  
  16  0:50  SCV  
  16  0:52  Refinery  
  17  1:02  SCV  
  18  1:15  SCV  
  19  1:26  Reaper  
  19  1:27  Orbital Command  
  19  1:31  Supply Depot  
  20  1:40  Factory  
  20  1:52  SCV  
  21  1:58  Reaper  
  22  2:04  SCV  
  23  2:16  SCV  
  23  2:21  Command Center  
  24  2:26  Hellion  
  24  2:28  SCV  
  27  2:32  Barracks Reactor  
  27  2:40  Starport  
  27  2:42  SCV  
  28  2:48  Supply Depot  
  28  2:54  Widow Mine  
  28  2:55  SCV  
  31  3:10  SCV, Marine x2  
  34  3:15  Factory Tech Lab  
  34  3:17  Medivac  
  36  3:22  SCV  
  37  3:27  Marine x2  
  39  3:35  SCV  
  39  3:40  Cyclone  
  40  3:42  Orbital Command  
  40  3:45  Marine x2  
  40  3:47  Starport Tech Lab  
  42  3:52  SCV  
  43  4:01  Refinery  
  43  4:08  Supply Depot, SCV x2  
  43  4:09  Raven  
  47  4:17  Marine x2  
  47  4:20  SCV  
  47  4:23  Siege Tank  
  53  4:25  SCV  
  53  4:30  Supply Depot  
  54  4:32  SCV  
  54  4:37  SCV  
  53  4:38  Marine  
  53  4:39  Marine  
  53  4:44  SCV  
  56  4:49  SCV  
  57  4:53  Supply Depot  
  57  4:54  Raven  
  57  4:56  Marine x2  
  57  4:57  SCV  
  62  5:02  SCV  
  62  5:03  Siege Tank  
  66  5:09  SCV  
  66  5:14  SCV, Marine x2  
  68  5:19  Supply Depot  
  68  5:21  SCV  
  71  5:24  Command Center  
  71  5:26  SCV  
  72  5:35  Siege Tank  
  77  5:36  SCV, Refinery  
  77  5:40  SCV  
  76  5:46  Barracks  
  76  5:47  Barracks  
  76  5:49  SCV  
  77  5:50  Viking  
  77  5:54  Viking  
  81  5:58  Marine  
  81  6:00  SCV  
  81  6:01  SCV  
  81  6:02  Stimpack  
  84  6:13  SCV x2  
  86  6:27  Marine  
  86  6:31  SCV x2  
  85  6:33  Viking x2  
  85  6:35  Siege Tank  
  84  6:41  Barracks Reactor  
  84  6:42  Barracks Reactor  
  84  6:43  SCV x2, Orbital Command  
  84  6:45  Engineering Bay  
  81  6:47  Engineering Bay  
  81  6:49  Marine  
  80  6:55  SCV x2  
  77  7:07  SCV x2, Orbital Command, Marine, Siege Tank  
  74  7:10  Viking  
  74  7:14  Viking  
  75  7:17  Terran Infantry Armor Level 1, Terran Infantry Weapons Level 1  
  75  7:19  SCV x2, Marine x2  
  75  7:21  Marine x2  
  81  7:25  Marine  
  82  7:32  SCV x2  
  79  7:37  Marine  
  79  7:40  Viking  
  79  7:43  Siege Tank  
  79  7:44  SCV x2, Viking  
  88  7:45  SCV  
  88  7:52  Marine  
  88  7:53  Marine x2  
  88  7:54  Marine  
  88  7:55  Marine  
  88  7:56  SCV x2  
  88  7:58  SCV  
  93  7:59  Combat Shield  
  93  8:04  Refinery x2  
  93  8:08  SCV x2  
  93  8:10  Marine  
  93  8:11  Marine x2  
  93  8:12  Marine  
  98  8:13  Marine  
  98  8:19  Barracks  
  99  8:21  Medivac  
  99  8:22  Barracks  
  99  8:26  Armory, Medivac  
  103  8:28  SCV x2, Marine x2  
  103  8:29  Marine  
  108  8:35  Marine  
  108  8:41  Siege Tank, Marine  
  113  8:45  Marine  
  113  8:46  Marine x2  
  116  8:53  SCV, Marine  
  116  8:54  SCV  
  116  8:55  Command Center  
  117  9:04  Supply Depot x2  
  117  9:12  Supply Depot  
  117  9:13  Marine  
  117  9:14  Supply Depot  
  117  9:22  Marine  
  117  9:24  SCV  
  117  9:25  SCV x2, Medivac x2, Marine x2  
  117  9:26  Siege Tank  
  117  9:29  Marine  
  122  9:31  Marine  
  122  9:36  SCV  
  122  9:38  SCV x2  
  114  9:39  Barracks Tech Lab, Marine  
  114  9:43  Marine x2  
  114  9:47  Barracks Tech Lab, Marine  
  114  9:49  Marine  
  114  9:51  SCV x3  
  118  9:57  Marine  
  118  9:58  Siege Tank  
  118  10:01  Marauder x2, Marine  
  118  10:03  Medivac x2  
  118  10:04  SCV x3, Marine  
  129  10:08  Orbital Command  
  129  10:12  Marauder, Marine  
  132  10:15  Marine  
  132  10:18  Supply Depot  
  132  10:19  Marine  
Show
View Real Time Build Order
Export as new Build Order

Kelazhur Terran 

Build Orders:  

Get SALT Encoding   

  12  0:00  SCV  
  13  0:12  SCV  
  14  0:17  Supply Depot  
  14  0:24  SCV  
  15  0:38  SCV  
  15  0:39  Barracks  
  16  0:43  Refinery  
  16  0:50  SCV  
  16  0:53  Refinery  
  17  1:02  SCV  
  18  1:14  SCV  
  19  1:26  Reaper, Orbital Command  
  19  1:29  Supply Depot  
  20  1:43  Factory  
  20  1:52  SCV  
  21  1:58  Barracks Reactor  
  21  2:04  SCV  
  22  2:17  SCV  
  22  2:22  Command Center  
  23  2:28  Hellion  
  23  2:29  SCV  
  26  2:34  Reaper  
  26  2:35  Reaper  
  28  2:40  Supply Depot  
  28  2:42  SCV  
  29  2:49  Hellion  
  31  3:00  Starport  
  31  3:02  SCV  
  32  3:06  Marine x2  
  32  3:12  Factory Tech Lab  
  34  3:14  SCV  
  35  3:23  Refinery  
  35  3:24  Marine x2  
  35  3:26  SCV  
  38  3:33  Cyclone  
  39  3:41  SCV, Starport Tech Lab  
  38  3:45  Orbital Command  
  38  3:48  Marine x2  
  41  4:00  SCV  
  42  4:05  Raven  
  42  4:09  Siege Tank  
  47  4:12  SCV x2, Marine x2  
  51  4:19  Supply Depot  
  51  4:24  SCV x2  
  52  4:30  Marine  
  54  4:32  Supply Depot  
  54  4:34  Marine  
  54  4:36  SCV  
  54  4:38  SCV  
  54  4:43  Siege Tank  
  56  4:49  SCV, Starport  
  56  4:50  SCV  
  58  5:02  Viking x2  
  58  5:03  SCV  
  58  5:05  SCV  
  64  5:08  Barracks Reactor  
  64  5:12  Supply Depot, Refinery  
  64  5:15  SCV  
  64  5:18  SCV  
  64  5:20  Siege Tank  
  69  5:28  SCV  
  67  5:33  Viking  
  69  5:36  Viking  
  69  5:39  SCV  
  72  5:44  Supply Depot  
  72  5:50  SCV  
  72  5:52  SCV, Siege Tank  
  77  6:02  Marine  
  78  6:06  Viking x2, SCV  
  78  6:08  Supply Depot  
  83  6:13  Viking, Command Center  
  85  6:26  Supply Depot  
  85  6:30  Viking  
  82  6:36  Viking x2  
  83  6:44  Siege Tank  
  83  6:46  SCV  
  82  6:49  Viking  
  82  6:50  SCV, Marine  
  79  7:04  SCV  
  79  7:06  Viking x2  
  70  7:09  SCV  
  70  7:14  Viking  
  73  7:18  SCV  
  73  7:21  SCV  
  73  7:22  Siege Tank  
  78  7:30  SCV  
  78  7:31  Viking  
  78  7:36  Viking, SCV  
  79  7:42  SCV, Marine  
  81  7:49  SCV  
  81  7:53  Refinery  
  81  7:54  Viking, SCV  
  81  7:58  Refinery  
  82  7:59  Factory, Orbital Command  
  82  8:01  SCV, Siege Tank  
  86  8:06  SCV, Marine  
  88  8:13  SCV, Viking  
  88  8:17  Viking  
  88  8:19  SCV  
  94  8:25  SCV x2  
  96  8:27  Supply Depot, Engineering Bay  
  96  8:31  SCV  
  96  8:33  Marine  
  98  8:37  SCV x2  
  100  8:41  Siege Tank  
  100  8:42  Siege Tank  
  100  8:43  SCV  
  100  8:46  Supply Depot  
  100  8:48  Supply Depot  
  103  8:56  Viking  
  103  8:57  Viking x2  
  103  9:00  SCV  
  110  9:05  SCV  
  111  9:16  Barracks Reactor, Factory  
  111  9:17  Siege Tank  
  111  9:18  Siege Tank  
  117  9:30  Viking  
  117  9:31  Viking x2  
  90  9:45  Orbital Command  
  90  9:47  Viking  
  90  9:50  Siege Tank  
  88  9:53  Siege Tank  
  84  10:00  Viking  
  84  10:01  SCV  
  84  10:04  Viking  
  89  10:09  SCV  
  89  10:11  Refinery, SCV  
  89  10:13  SCV  
  92  10:21  SCV  
  92  10:23  SCV  
  92  10:25  SCV  
Tags
 
Add a new tag
Caveats
  • Supply blocks, unpowered buildings, or Contaminate may cause inaccurate times.
  • Supply counts are checked every 10 seconds.